 Dungeon Crawl Stone Soup version 0.26-a0-252-gb32a1a6195 (webtiles) character file.

Game seed: 280563034017030947

209 Gargoyl the Skirmisher (level 5, -2/46 HPs)
             Began as a Centaur Abyssal Knight on July 9, 2020.
             Was a Believer of Lugonu.
             Slain by an iguana (11 damage)
             ... on level 4 of the Dungeon.
             The game lasted 00:04:42 (3629 turns).

Gargoyl the Skirmisher (Centaur Abyssal Knight)     Turns: 3629, Time: 00:04:43

Health: -2/46      AC:  9    Str: 15    XL:     5   Next: 55%
Magic:  7/7        EV:  1    Int: 11    God:    Lugonu [**....]
Gold:   75         SH:  2    Dex:  9    Spells: 4/4 levels left

rFire    . . .     SeeInvis .   a - +1 hand axe
rCold    . . .     Faith    .   h - +0 buckler
rNeg     . . .     Spirit   .   d - +0 plate armour
rPois    .         Reflect  .   (no helmet)
rElec    .         Harm     .   (no cloak)
rCorr    .                      (no gloves)
MR       +....                  (no barding)
Stlth    ..........             (no amulet)
HPRegen  0.15/turn              l - ring of protection from magic
MPRegen  0.10/turn              (no ring)

@: very quick
A: large, hooves 3, deformed body, speed 2, tough skin 3
a: Depart the Abyss, Bend Space, Renounce Religion


You were on level 4 of the Dungeon.
You worshipped Lugonu.
Lugonu was pleased with you.
You were not hungry.

You visited 1 branch of the dungeon, and saw 4 of its levels.
You visited the Abyss 1 time.

You collected 75 gold pieces.

Inventory:

Hand Weapons
 a - a +1 hand axe (weapon)
Armour
 d - a +0 plate armour (worn)
 h - a +0 buckler (worn)
Jewellery
 l - a ring of protection from magic (left hand)
Scrolls
 e - a scroll of enchant weapon {unknown}
 f - a scroll of identify
 g - 3 scrolls of teleportation
 i - 2 scrolls of fear
 j - a scroll of magic mapping
Potions
 b - a potion of ambrosia
 k - a potion of lignification {unknown}
Comestibles
 c - 18 rations


   Skills:
 + Level 3.8 Fighting
 + Level 2.8 Axes
 * Level 2.7 Armour
 * Level 1.5 Dodging
 * Level 2.9 Invocations


You had 4 spell levels left.
You didn't know any spells.
Your spell library was empty.

Dungeon Overview and Level Annotations

Branches:
Dungeon (4/15)
 Temple: D:4-7

Altars:
Kikubaaqudgha
Sif Muna
Yredelemnul


Innate Abilities, Weirdness & Mutations

You have hooves in place of feet.
Armour fits poorly on your strangely shaped body.
You cover ground very quickly.
You have extremely tough skin. (AC +3)


Message History

The iguana bites you. The leopard gecko bites you.
Unknown command.
Your plate armour prevents you from hitting the iguana.
You kick the iguana, but do no damage.
The iguana is severely wounded.
You hit the leopard gecko.
You kill the leopard gecko!
Lugonu accepts your kill. The iguana bites you!
* * * LOW HITPOINT WARNING * * *
The iguana bites you but does no damage.
You closely miss the iguana. You kick the iguana.
The iguana is almost dead.
The iguana bites you but does no damage.
Unknown command.
Your plate armour prevents you from hitting the iguana.
Your kick misses the iguana.
The iguana is almost dead.
The iguana bites you!
You die...

#...### ......# ...
......# .. ..#
.....######.....########
.....##....##'#.........
......#....#..#.........
......#....#..#.........
......#....#..#.........
......#....#..#.@l......
......'....#..#.........
......#.................
########################


You could see an iguana.

Vanquished Creatures
  A hound (D:3)
  7 adders
  3 oozes
  A worm (D:3)
  A dart slug (D:1)
  6 leopard geckos
  6 orcs (D:3)
  A ball python (D:1)
  7 giant cockroaches
  2 gnoll zombies (D:3)
  11 goblins
  9 hobgoblins
  2 jackals (D:1)
  5 kobolds
  A quokka (D:3)
  5 bats
  5 frilled lizards
  7 rats
80 creatures vanquished.

Notes
Turn   | Place    | Note
-------+----------+-------------------------------------------
     0 | Abyss:1  | Gargoyl the Centaur Abyssal Knight began the quest for the
                  | Orb.
     0 | Abyss:1  | Reached XP level 1. HP: 19/19 MP: 2/2
    28 | Abyss:2  | Noticed a ynoxinul
    82 | Abyss:3  | Noticed a starcursed mass
    84 | Abyss:3  | Noticed a flying skull
    84 | Abyss:3  | Noticed a flying skull
    86 | D:1      | Escaped the Abyss
   327 | D:1      | Reached XP level 2. HP: 14/26 MP: 3/3
   641 | D:1      | Reached * piety under Lugonu
   644 | D:1      | Reached skill level 1 in Dodging
   644 | D:1      | Reached XP level 3. HP: 25/31 MP: 4/4
   821 | D:1      | You fall into a shaft and drop 1 floor!
   893 | D:2      | Found an ancient bone altar of Kikubaaqudgha.
   951 | D:2      | Reached XP level 4. HP: 19/38 MP: 5/5
  1810 | D:2      | Reached ** piety under Lugonu
  2156 | D:2      | Found a shimmering blue altar of Sif Muna.
  2321 | D:3      | Reached XP level 5. HP: 33/46 MP: 7/7
  3260 | D:3      | Found a basalt altar of Yredelemnul.
  3629 | D:4      | Slain by an iguana

Illustrated notes

Levels and vault maps discovered:
D:1:      dpeg_arrival_erosion, layout_basic
D:2:      layout_loops_cross, led_sif_pool, kiku_gazebo_pond_becter
D:3:      layout_rooms, lemuel_zombie_altar_yredelemnul, first_ration,
          serial_bayou, serial_bayou_ford_a, serial_bayou_lagoon_a,
          serial_bayou_crossing, serial_bayou_pond_a
D:4:      layout_gridville

Skill      XL: |  1  2  3 |
---------------+----------+-----
Axes           | 2 |  2.8
Dodging        | 1 |  1.5
Armour         | 2 |  2.7
Fighting       | |  3.8
Invocations    | |  2.9

Action                   |  1- 3 |  4- 6 || total
-------------------------+-------+-------++-------
Melee: Hand axe          |    81 |   176 ||   257
       Kick              |    11 |    29 ||    40
Invok: Depart the Abyss  |     1 |       ||     1
  Use: Scroll            |     1 |     7 ||     8
  Eat: Ration            |       |     2 ||     2
Armor: Plate armour      |    81 |   180 ||   261
Dodge: Dodged            |     7 |    23 ||    30
Block: Buckler           |       |     2 ||     2

Table legend:
 A = Non-vault XP
 B = Vault XP
 C = Vault XP percentage of total XP
 D = Non-vault monster count
 E = Vault monster count
 F = Vault count percentage of total count
                 A         B        C        D         E       F
            +---------+---------+-------+---------+---------+-------
      Total |     295 |       4 |   1.3 |      78 |       2 |   2.5
            +---------+---------+-------+---------+---------+-------
        D:1 |      71 |       0 |   0.0 |      34 |       0 |   0.0
        D:2 |      89 |       0 |   0.0 |      16 |       0 |   0.0
        D:3 |     129 |       4 |   3.0 |      26 |       2 |   7.1
        D:4 |       6 |       0 |   0.0 |       2 |       0 |   0.0
            +---------+---------+-------+---------+---------+-------
